 Dungeon Crawl Stone Soup version 0.28.0-45-g0d030f2227 (webtiles) character file.

Game seed: 5425563189637843879

2419 McKennaii the Destroyer (level 9, -15/57 HPs)
             Began as a Demonspawn Conjurer on Apr 8, 2022.
             Was a Follower of Sif Muna.
             Killed from afar by an orc warrior (39 damage)
             ... with a bolt of acid
             ... on level 7 of the Dungeon.
             The game lasted 00:08:03 (9691 turns).

McKennaii the Destroyer (Demonspawn Conjurer)       Turns: 9691, Time: 00:08:03

Health: -15/57     AC: 10    Str:  8    XL:     9   Next: 24%
Magic:  10/21      EV: 11    Int: 24    God:    Sif Muna [*.....]
Gold:   265        SH:  4    Dex: 11    Spells: 17/24 levels left

rFire   . . .      SeeInvis .   f - staff of conjuration
rCold   . . .      Faith    .   (no shield)
rNeg    + + .      Spirit   .   n - +2 leather armour {rN+}
rPois   .          Reflect  .   E - +0 helmet
rElec   .          Harm     .   (cloak unavailable)
rCorr   .          Rampage  .   (no gloves)
Will    .....                   (no boots)
Stlth   +.........              (no amulet)
HPRegen 0.19/turn               b - ring of positive energy
MPRegen 0.17/turn               F - ring of wizardry

@: no status effects
A: foul stench 2, icemail 1, condensation shield, weakness stinger 3
a: Renounce Religion, Channel Magic


You were on level 7 of the Dungeon.
You worshipped Sif Muna.
Sif Muna was aware of your devotion.
You visited 2 branches of the dungeon, and saw 8 of its levels.

You collected 325 gold pieces.
You spent 60 gold pieces at shops.

Inventory:

Hand Weapons
 m - a +3 hand axe
Armour
 n - a +2 leather armour of positive energy (worn)
 E - a +0 helmet (worn)
Magical Staves
 f - a staff of conjuration (weapon)
Jewellery
 b - a ring of positive energy (left hand)
 w - a ring of fire
 F - a ring of wizardry (right hand)
Wands
 o - a wand of iceblast (17)
 s - a wand of flame (37)
 y - a wand of charming (10)
Scrolls
 a - a scroll of fear {unknown}
 c - a scroll of enchant armour {unknown}
 e - 2 scrolls of immolation {unknown}
 g - 2 scrolls of enchant weapon {unknown}
 i - 2 scrolls of teleportation {unknown}
 j - a scroll of amnesia {unknown}
 k - a scroll of acquirement {unknown}
 l - 5 scrolls of magic mapping {unknown}
 q - a scroll of silence {unknown}
 r - 7 scrolls of identify {unknown}
 t - a scroll of blinking {unknown}
 v - a scroll of holy word {unknown}
 D - a scroll of vulnerability {unknown}
Potions
 d - 2 potions of lignification {unknown}
 h - 2 potions of might {unknown}
 p - a potion of ambrosia {unknown}
 u - a potion of invisibility {unknown}
 x - 3 potions of brilliance {unknown}
 z - 2 potions of attraction {unknown}
 A - a potion of flight {unknown}
 B - a potion of experience {unknown}
 C - a potion of heal wounds {unknown}


   Skills:
 - Level 1.7 Dodging
 - Level 1.7 Stealth
 + Level 8.3 Spellcasting
 + Level 9.7 Conjurations


You had 17 spell levels left.
You knew the following spells:

 Your Spells              Type           Power      Damage    Failure   Level
a - Magic Dart            Conj           100%       1d8       1%          1
b - Searing Ray           Conj           100%       2d8       1%          2
c - Iskenderun's Mystic   Conj/Tloc      50%        2d11      4%          4

Your spell library contained the following spells:

 Spells                   Type           Power      Damage    Failure   Level
 Static Discharge         Conj/Air       50%        N/A       1%          2
 Conjure Flame            Conj/Fire      50%        6-21      1%          3
 Dazzling Flash           Conj/Hex       100%       N/A       1%          3
 Pain                     Necr           40%        1d6       3%          1
 Slow                     Hex            40%        N/A       3%          1
 Summon Small Mammal      Summ           40%        N/A       3%          1
 Fulminant Prism          Conj/Hex       25%        3d14      4%          4
 Sticky Flame             Conj/Fire      50%        2d7       4%          4
 Ignite Poison            Fire/Tmut/Pois 10%        N/A       11%         3
 Lightning Bolt           Conj/Air       25%        1d41      14%         5
 Animate Dead             Necr           5%         N/A       32%         4
 Haunt                    Necr/Summ      5%         N/A       100%        7
 Infestation              Necr           5%         N/A       100%        8
 Maxwell's Capacitive Co  Air            5%         ∞         100%        8


Dungeon Overview and Level Annotations

Branches:
Dungeon (7/15)             Temple (1/1) D:4

Altars:
Cheibriados
Hepliaklqana
Okawaru
Ru
Sif Muna
Trog
Xom
Yredelemnul

Shops:
D:2 =   D:3 *   D:4 (


Innate Abilities, Weirdness & Mutations

You sometimes emit foul miasma when damaged in melee.
A meltable icy envelope protects you from harm. (AC +4)
A meltable shield of frost defends you. (SH +4)
You have a sharp stinger which inflicts weakening toxins.


Message History

Found a hunting sling.
The orc warrior shouts!
You feel a surge of power!
The magic dart hits the orc warrior but does no damage.
An orc warrior is nearby!
An orc warrior is nearby!
An orc warrior is nearby!
You feel a surge of power!
The magic dart hits the orc warrior but does no damage.
An orc comes into view. It is wielding a +0 short sword.
You feel a surge of power!
The magic dart hits the orc warrior but does no damage.
You feel a surge of power!
The magic dart hits the orc warrior but does no damage.
You feel a surge of power!
The magic dart hits the orc warrior.
The orc warrior is lightly wounded.
You feel a surge of power!
The magic dart hits the orc warrior but does no damage.
The orc warrior is lightly wounded.
The orc warrior zaps a wand.
The bolt of acid misses you.
You feel a surge of power!
The magic dart hits the orc warrior but does no damage.
The orc warrior is lightly wounded.
The orc warrior hits you with a +0 long sword.
You feel a surge of power!
The magic dart hits the orc warrior but does no damage.
The orc warrior is lightly wounded.
The orc warrior zaps a wand.
The bolt of acid hits you!!
Ouch! That really hurt!
Casting: Magic Dart (safe; 1% risk of failure)
Confirm with . or Enter, or press ? or * to list all spells.
You feel a surge of power!
You erupt in a blast of force!
The mystic blast hits the orc!!
You kill the orc!
Sif Muna accepts your kill.
The mystic blast hits the orc warrior but does no damage.
The orc warrior is lightly wounded.
The orc warrior zaps a wand.
The bolt of acid hits you!!!
Ouch! That really hurt!
You die...

. ... ... ... .$. ... ...)
##.. ..... #..###?....
##...#...... ##....o)....#
##....@>.# ... #......#.#
.. ##......####.# ...
###........##..# #...
#.........###..##...#.....
###.#.....##........#.....
# ###...................
#...................
#....♣.♣.♣.♣.♣.♣.♣.♣


You could see an orc warrior.

Vanquished Creatures
  Joseph (D:7)
  Maggie (D:6)
  A water moccasin (D:5)
  Duvessa (D:4)
  3 ogres
  A necrophage (D:4)
  A centaur (D:4)
  2 scorpions (D:5)
  A wyvern skeleton (D:6)
  A water moccasin zombie (D:5)
  Dowan (D:4)
  A howler monkey (D:7)
  4 wights (D:6)
  4 hounds
  A jelly (D:6)
  3 orc priests
  3 iguanas
  A centaur skeleton (D:7)
  2 orc wizards
  Natasha (thrice) (D:2)
  A hound zombie (D:5)
  A hound skeleton (D:2)
  4 gnolls (D:3)
  A howler monkey zombie (D:7)
  5 adders
  3 shadow imps
  3 white imps
  An ufetubus (D:4)
  An adder skeleton (D:4)
  2 worms
  A dart slug (D:2)
  22 orcs
  8 endoplasms
  2 giant cockroaches (D:4)
  6 goblins
  10 hobgoblins
  4 kobolds
  4 quokkas
  9 ball pythons
  6 bats
  3 frilled lizards
  6 rats
139 creatures vanquished.

Notes
Turn   | Place    | Note
-------+----------+-------------------------------------------
     0 | D:1      | McKennaii the Demonspawn Conjurer began the quest for the
                  | Orb.
     0 | D:1      | Reached XP level 1. HP: 13/13 MP: 3/3
   759 | D:1      | Gained mutation: You may rarely emit foul miasma when
                  | damaged in melee. [demonic ancestry]
   759 | D:1      | Reached XP level 2. HP: 19/19 MP: 1/5
  1689 | D:1      | Gained mutation: You have a small tail. [demonic ancestry]
  1689 | D:1      | Reached XP level 3. HP: 24/24 MP: 5/7
  1708 | D:1      | Found a faded altar of an unknown god.
  1987 | D:2      | Found a shimmering altar of Xom.
  2071 | D:2      | Noticed Natasha
  2081 | D:2      | Killed Natasha
  2082 | D:2      | Gained mutation: You have a tail ending in a sharp stinger.
                  | [demonic ancestry]
  2082 | D:2      | Reached XP level 4. HP: 8/30 MP: 0/8
  2610 | D:2      | Reached skill level 5 in Conjurations
  2695 | D:2      | Found Ywedepnu's Jewellery Boutique.
  2734 | D:2      | Noticed Natasha
  2740 | D:2      | Killed Natasha
  2901 | D:2      | Noticed Natasha
  2910 | D:2      | Killed Natasha
  2911 | D:2      | Reached XP level 5. HP: 21/35 MP: 3/10
  3498 | D:3      | Learned a level 2 spell: Searing Ray
  3713 | D:3      | Learned a level 4 spell: Iskenderun's Mystic Blast
  3893 | D:3      | Found Sionirurph's Assorted Antiques.
  3901 | D:3      | Bought a bubbling white potion for 18 gold pieces
  3901 | D:3      | Bought a scroll labelled KURUNE HASUG for 21 gold pieces
  3901 | D:3      | Bought a scroll labelled XAOTSY PYTAV for 21 gold pieces
  4782 | D:4      | Noticed a centaur
  4789 | D:4      | Killed a centaur
  4790 | D:4      | Reached skill level 6 in Conjurations
  4790 | D:4      | Gained mutation: You have a sharp stinger which inflicts
                  | weakening toxins. [demonic ancestry]
  4790 | D:4      | Reached XP level 6. HP: 6/41 MP: 4/12
  5216 | D:4      | Found a staircase to the Ecumenical Temple.
  5261 | Temple   | Entered the Ecumenical Temple
  5281 | Temple   | Became a worshipper of Sif Muna the Loreminder
  5546 | D:4      | Reached skill level 5 in Spellcasting
  5599 | D:4      | Noticed Duvessa
  5639 | D:4      | Killed Duvessa
  5640 | D:4      | Gained mutation: A meltable shield of frost defends you.
                  | (SH +4) [demonic ancestry]
  5640 | D:4      | Reached XP level 7. HP: 40/46 MP: 4/14
  5716 | D:4      | Noticed Dowan
  5733 | D:4      | Killed Dowan
  5804 | D:4      | Found Kacw's Weapon Shoppe.
  5871 | D:5      | Entered Level 5 of the Dungeon
  5882 | D:5      | Reached skill level 7 in Conjurations
  6368 | D:5      | Gained mutation: You sometimes emit foul miasma when
                  | damaged in melee. [demonic ancestry]
  6368 | D:5      | Reached XP level 8. HP: 52/52 MP: 10/17
  6468 | D:5      | Reached * piety under Sif Muna
  6652 | D:5      | Got Witchery, Part One
  6815 | D:5      | Reached skill level 8 in Conjurations
  7859 | D:6      | Noticed Maggie
  7872 | D:6      | Killed Maggie
  8134 | D:6      | Reached skill level 9 in Conjurations
  9278 | D:7      | Gained mutation: A meltable icy envelope protects you from
                  | harm. (AC +4) [demonic ancestry]
  9278 | D:7      | Reached XP level 9. HP: 53/57 MP: 13/20
  9284 | D:7      | Noticed Joseph
  9426 | D:7      | Killed Joseph
  9691 | D:7      | Killed from afar by an orc warrior

Illustrated notes

Levels and vault maps discovered:
D:1:      minmay_arrival_open_corners, layout_loops_ring,
          shapermc_ecumenical_altar_petra, kennysheep_minor_cross
D:2:      layout_loops_ring, serial_shops, nicolae_diamond_shop, basic_altar,
          minmay_fractal_squares_5, uniq_natasha
D:3:      layout_basic, serial_shops, shop_statue
D:4:      layout_basic, minmay_temple_entry_proselytizer, serial_shops,
          nicolae_shop_advertising_works [nicolae_subvault_shop_adworks],
          uniq_duvessa
D:5:      kennysheep_spiral_hall, layout_cave_pods
D:6:      layout_basic, hangedman_abyss_or_decor_stabs, uniq_maggie
D:7:      layout_cave_pools, kiku_gazebo_pond_becter, serial_park,
          serial_park_tiny_pond, serial_park_avenue1, serial_park_tiny_pond,
          serial_park_avenue1, feat_on_display, uniq_joseph
Temple:   mainiacjoe_temple_coin_purse

Skill      XL: |  1  2  3  4  5  6  7  8  9 |
---------------+----------------------------+-----
Spellcasting   | 3 4 5 6 7 8 |  8.3
Conjurations   | 5 6 7 9 |  9.7
Dodging        | |  1.7
Stealth        | |  1.7

Action                   |  1- 3 |  4- 6 |  7- 9 || total
-------------------------+-------+-------+-------++-------
Melee: Unarmed           |    50 |       |       ||    50
       Punch             |     1 |       |       ||     1
       Staff             |     2 |    13 |     2 ||    17
       Tailslap          |       |     3 |       ||     3
 Cast: Magic Dart        |    66 |   141 |   206 ||   413
       Searing Ray       |       |     4 |    14 ||    18
       Iskenderun's Myst |       |       |     4 ||     4
Armor: Robe              |    13 |     3 |       ||    16
       Leather armour    |       |     4 |    11 ||    15
Dodge: Dodged            |    58 |    39 |    24 ||   121
Block: Other             |       |       |     8 ||     8
